 Dungeon Crawl Stone Soup version 0.30-a0-748-ge6a52f7cba (webtiles) character file.

Game seed: 12480183759148518682

1584 NinjaNoafa the Summoner (level 8, -12/31 HPs)
             Began as a Felid Summoner on Feb 8, 2023.
             Was an Initiate of Gozag.
             Mangled by a two-headed ogre
             ... wielding a +0 giant spiked club
              (29 damage)
             ... on level 9 of the Dungeon.
             The game lasted 00:29:38 (5925 turns).

NinjaNoafa the Summoner (Felid Summoner)            Turns: 5925, Time: 00:29:39

Health: -12/31     AC:  2    Str: 10    XL:     8   Next: 61%
Magic:  3/20       EV: 17    Int: 18    God:    Gozag
Gold:   249        SH:  0    Dex: 17    Spells: 9/22 levels left
                                        Lives:  0   Deaths: 2

rFire   + . .      SeeInvis +    (weapon unavailable)
rCold   . . .      Faith    .    (shield unavailable)
rNeg    . . .      Spirit   .    (body armour unavailable)
rPois   .          Reflect  .    (helmet unavailable)
rElec   .          Harm     .    (cloak unavailable)
rCorr   .          Rampage  .    (gloves unavailable)
Will    +....                    (boots unavailable)
Stlth   ++                       b - amulet of regeneration
HPRegen 1.05/turn                o - +6 ring of strength
MPRegen 0.17/turn                v - ring of protection from fire

@: quick
A: very small, claws 1, fangs 3, see invisible, speed 1, shaggy fur 2, stealthy
paws, no weapons or thrown items, no armour, multi-lived
a: Renounce Religion, Potion Petition, Call Merchant, Bribe Branch


You were on level 9 of the Dungeon.
You worshipped Gozag.
Gozag was aware of your devotion.
You visited 2 branches of the dungeon, and saw 10 of its levels.

You collected 359 gold pieces.
You paid 110 gold pieces to Gozag.

Inventory:

Jewellery
 b - an amulet of regeneration (around neck)
 o - a +6 ring of strength (left paw)
 p - an amulet of reflection
 v - a ring of protection from fire (right paw)
Wands
 f - a wand of acid (6)
 j - a wand of flame (9)
Scrolls
 d - 3 scrolls of fog
 h - a scroll of magic mapping
 k - a scroll of immolation
 q - a scroll of enchant armour {unknown}
 s - a scroll of poison {unknown}
 x - a scroll of vulnerability {unknown}
Potions
 a - 2 potions of magic
 c - 2 potions of attraction
 e - 3 potions of brilliance
 g - 2 potions of curing
 i - a potion of berserk rage {unknown}
 n - a potion of haste
 r - a potion of lignification
 t - a potion of invisibility {unknown}
 u - a potion of flight {unknown}


   Skills:
 - Level 2.6 Dodging
 - Level 2.6 Stealth
 + Level 7.7 Spellcasting
 - Level 5.0 Hexes
 + Level 9.1 Summonings
 + Level 3.7 Air Magic


You had 9 spell levels left.
You knew the following spells:

 Your Spells              Type           Power      Damage    Failure   Level
a - Summon Small Mammal   Summ           100%       N/A       1%          1
b - Call Imp              Summ           40%        N/A       1%          2
c - Call Canine Familiar  Summ           40%        N/A       1%          3
d - Summon Guardian Gole  Hex/Summ       32%        N/A       1%          3
e - Summon Lightning Spi  Summ/Air       30%        N/A       7%          4

Your spell library contained the following spells:

 Spells                   Type           Power      Damage    Failure   Level
 Lesser Beckoning         Tloc           12%        N/A       16%         2
 Gell's Gravitas          Tloc           6%         N/A       30%         3
 Teleport Other           Tloc           6%         N/A       30%         3
 Blade Hands              Tmut           3%         N/A       95%         5
 Iron Shot                Conj/Erth      3%         9d2       100%        6
 Storm Form               Tmut/Air       6%         N/A       100%        7
 Maxwell's Capacitive Co  Air            10%        ∞         100%        8
 Animate Armour           Summ/Erth      Unusable   N/A       N/A         4

Dungeon Overview and Level Annotations

Branches:
Dungeon (9/15)             Temple (1/1) D:7
   Lair: D:8-11         Orc: D:9-12

Altars:
Ashenzari
Cheibriados
Gozag
Makhleb
Nemelex Xobeh
Okawaru
Qazlal
Ru
Sif Muna
Uskayaw
Vehumet
Yredelemnul
Zin

Shops:
D:7 :

Annotations:
D:8 Joseph, Prince Ribbit


Innate Abilities, Weirdness & Mutations

You have sharp claws.
You have razor-sharp teeth.
You have supernaturally acute eyesight. (SInv)
You cover ground quickly. (Speed+)
You are covered in thick fur. (AC +2)
Your paws help you pounce on unaware monsters.
You are incapable of wielding weapons or throwing items.
You cannot wear armour.
You gain extra lives every three experience levels.


Message History

The killer bee is almost dead.
The killer bee barely misses you.
Your lightning spire shoots out a bolt of lightning at the killer bee!
The bolt of electricity misses the killer bee.
The killer bee barely misses you.
The killer bee attacks as you move away!
The killer bee barely misses you.
Your lightning spire shoots out a bolt of lightning at the killer bee!
The bolt of electricity hits the killer bee.
The killer bee dies!
The two-headed ogre shouts in stereo!
You see here 11 gold pieces.
What are your orders? t - Meow!
Orders for allies: a - Attack new target. r - Retreat! s - Stop attacking. g - Guard the area. f - Follow me.
Anything else - Cancel.
Gang up on whom?
Press: ? - help, Dir - move target, f - two-headed ogre
Aim: a two-headed ogre, wielding two +0 giant spiked clubs (ally target) Attack!
Aiming: Corrosive Bolt
Press: ? - help, Shift-Dir - straight line, f/p - two-headed ogre
Aim: a two-headed ogre, wielding two +0 giant spiked clubs (ally target, 86% to hit)
The bolt of acid hits the two-headed ogre!
The two-headed ogre is lightly wounded.
Your lightning spire shoots out a bolt of lightning at the two-headed ogre!
The bolt of electricity hits the two-headed ogre!
Your lightning spire shoots out a bolt of lightning at the two-headed ogre!
The bolt of electricity hits the two-headed ogre.
Your lightning spire shoots out a bolt of lightning at the two-headed ogre!
The bolt of electricity hits the two-headed ogre!
The two-headed ogre misses you. x2
Your lightning spire disappears in a puff of smoke!
The two-headed ogre hits you with a +0 giant spiked club!
The two-headed ogre hits you with a +0 giant spiked club!!
Ouch! That really hurt!
You die...
Your body crumbles into a pile of gold.

$ $ $
#######+########+#
#................#
#...$$...........#
#................#
+.........@......#
#........O.......#
#................#
#................#
#..!.............#
#................#
#########+###+####
$


You could see a two-headed ogre.

Vanquished Creatures
  2 bats (D:1)
  2 ball pythons (D:1)
4 creatures vanquished.

Vanquished Creatures (collateral kills)
  An orc warrior (D:7)
  2 black bears (D:7)
  2 sky beasts
  A centaur (D:7)
  2 bullfrogs
  3 scorpions
  A killer bee (D:9)
  A howler monkey (D:6)
  4 hounds
  A jelly (D:4)
  An orc priest (D:5)
  7 orc wizards
  An iguana (D:4)
  7 gnolls
  6 adders
  A shadow imp (D:6)
  A white imp (D:7)
  2 worms
  4 dart slugs
  19 orcs
  5 ball pythons
  6 bats
  An endoplasm (D:1)
  3 giant cockroaches
  6 goblins
  8 hobgoblins
  4 jackals (D:2)
  3 quokkas
  2 frilled lizards (D:1)
  8 kobolds
  4 rats
117 creatures vanquished.

Vanquished Creatures (others)
  6 ogres
  2 black bears
  A centaur (D:7)
  Blork the orc (D:4)
  A scorpion (D:5)
  2 killer bees (D:8)
  A jelly (D:6)
  2 hounds (D:5)
  4 iguanas
  An orc (D:7)
21 creatures vanquished.

Grand Total: 142 creatures vanquished

Notes
Turn   | Place    | Note
-------+----------+-------------------------------------------
     0 | D:1      | NinjaNoafa the Felid Summoner began the quest for the Orb.
     0 | D:1      | Reached XP level 1. HP: 7/7 MP: 4/4
   207 | D:1      | Reached XP level 2. HP: 11/11 MP: 3/6
   219 | D:1      | Upgraded the game from 0.30-a0-743-gbfdf073431 to
                  | 0.30-a0-748-ge6a52f7cba
   232 | D:1      | Learned a level 2 spell: Call Imp
   568 | D:1      | Reached XP level 3. HP: 14/14 MP: 5/8
   716 | D:2      | Learned a level 3 spell: Call Canine Familiar
   759 | D:2      | Identified the +8 dagger of Rubbish {protect, rElec}
   902 | D:2      | Found a faded altar of an unknown god.
  1440 | D:3      | Reached XP level 4. HP: 18/18 MP: 0/9
  1462 | D:3      | Reached skill level 5 in Summonings
  1552 | D:3      | Learned a level 3 spell: Summon Guardian Golem
  1562 | D:3      | Found a glowing silver altar of Zin.
  1737 | D:3      | Reached skill level 1 in Hexes
  1825 | D:3      | Reached XP level 5. HP: 21/21 MP: 5/11
  1844 | D:3      | Found a sacrificial altar of Ru.
  1990 | D:3      | Found a burning altar of Makhleb.
  2000 | D:3      | Found a snail-covered altar of Cheibriados.
  2108 | D:4      | Noticed Blork the orc
  2130 | D:4      | Killed Blork the orc
  2217 | D:4      | Found a sparkling altar of Nemelex Xobeh.
  2266 | D:4      | Found a shimmering blue altar of Sif Muna.
  2432 | D:4      | Gained mutation: You are covered in thick fur. (AC +2)
                  | [Felid growth]
  2432 | D:4      | Reached XP level 6. HP: 24/24 MP: 10/13
  2612 | D:4      | Reached skill level 6 in Summonings
  2738 | D:4      | Found a radiant altar of Vehumet.
  2803 | D:4      | Found a stormy altar of Qazlal.
  2877 | D:5      | Entered Level 5 of the Dungeon
  2961 | D:5      | Found a hide-covered altar of Uskayaw.
  2975 | D:5      | Reached XP level 7. HP: 23/27 MP: 5/14
  3099 | D:5      | Reached skill level 5 in Hexes
  3295 | D:5      | Reached skill level 5 in Spellcasting
  3408 | D:5      | Reached skill level 7 in Summonings
  3550 | D:5      | Reached XP level 8. HP: 31/31 MP: 14/17
  3966 | D:5      | Shot with an arrow by a centaur
  3967 | D:5      | Reached XP level 7. HP: -2/27 MP: 4/17
  4028 | D:6      | Reached skill level 8 in Summonings
  4053 | D:6      | Learned a level 4 spell: Summon Lightning Spire
  4317 | D:6      | Reached skill level 1 in Air Magic
  4330 | D:6      | Slain by an ogre
  4331 | D:6      | Reached XP level 6. HP: -5/24 MP: 16/16
  4551 | D:6      | Found a basalt altar of Yredelemnul.
  4552 | D:6      | Found a broken altar of Ashenzari.
  4665 | D:6      | Reached XP level 7. HP: 27/27 MP: 16/18
  5252 | D:7      | Reached XP level 8. HP: 31/31 MP: 6/19
  5326 | D:7      | Found Paicw's Self-Improvement Boutique.
  5569 | D:7      | Reached skill level 9 in Summonings
  5570 | D:7      | Found a staircase to the Ecumenical Temple.
  5576 | Temple   | Entered the Ecumenical Temple
  5597 | Temple   | Became a worshipper of Gozag Ym Sagoz the Greedy
  5741 | D:8      | Noticed a two-headed ogre
  5822 | D:8      | Noticed a komodo dragon
  5822 | D:8      | Noticed Prince Ribbit
  5885 | D:8      | Noticed Joseph
  5906 | D:9      | Noticed a two-headed ogre
  5925 | D:9      | Mangled by a two-headed ogre

Illustrated notes

Levels and vault maps discovered:
D:1:      roderic_crossed_star, layout_basic
D:2:      layout_rooms, hellmonk_ecumenical_altar_arch_garden
D:3:      layout_basic, mainiacjoe_overflow_alcove_2,
          mainiacjoe_overflow_large_starburst, zin_statuary
D:4:      layout_gridville, lemuel_doored_altar, general_overflow_altar,
          mainiacjoe_overflow_catch_the_wave, serial_glass, glass_columns_a,
          glass_columns_b, uniq_blork_the_orc
D:5:      layout_rooms, nicolae_uskayaw_suspiria, nicolae_sextant
D:6:      layout_basic, amethyst_overflow_temple_binary
D:7:      layout_basic, minmay_temple_entry_enclosed_plants,
          nicolae_shop_self_help
D:8:      layout_cave_pools, st_stairs_12, uniq_joseph, uniq_prince_ribbit1
D:9:      layout_stronghold, tgw_fedhas,
          nicolae_hepliaklqana_ecumenical_no_more, minmay_gold_behind_fungi
Temple:   nicolae_temple_figure_zero

Skill      XL: |  1  2  3  4  5  6  7  8 |
---------------+-------------------------+-----
Spellcasting   | 3 4 7 6 |  7.7
Summonings     | 5 6 8 9 |  9.1
Hexes          | 1 3 4 5 |  5.0
Air Magic      | 2 3 |  3.7
Dodging        | |  2.6
Stealth        | |  2.6

Action                     |  1- 3 |  4- 6 |  7- 9 || total
---------------------------+-------+-------+-------++-------
  Melee: Unarmed           |    14 |     2 |     3 ||    19
         Bite              |       |     1 |     1 ||     2
   Cast: Summon Small Mamm |    41 |    18 |    12 ||    71
         Call Imp          |    12 |    12 |    16 ||    40
         Call Canine Famil |     7 |    17 |    24 ||    48
         Summon Guardian G |       |     5 |    29 ||    34
         Summon Lightning  |       |       |     9 ||     9
  Evoke: Wand              |       |       |     2 ||     2
    Use: Scroll            |       |       |    15 ||    15
         Potion            |       |       |     1 ||     1
   Stab: Sleeping          |     1 |       |       ||     1
 Armour: Skin              |     8 |     1 |     4 ||    13
  Dodge: Dodged            |    68 |    42 |    95 ||   205
  Block: Other             |       |     5 |     4 ||     9
         Reflection        |       |       |     1 ||     1

Table legend: (Time is in decaauts)
 A = Elapsed time spent in this place.
 B = Non-inter-level travel time spent in this place.
 C = Inter-level travel time spent in this place.
 D = Time resting spent in this place.
 E = Time spent auto-exploring this place.
 F = Levels seen in this place.
 G = Mean time per level.
                   A        B        C        D        E       F      G
               +--------+--------+--------+--------+--------+-----+--------+
         Total |   5026 |   4149 |    877 |      0 |     57 |  10 |  502.6 |
       Dungeon |   4998 |   4131 |    867 |      0 |     57 |   9 |  555.3 |
        Temple |     28 |     19 |      9 |      0 |      0 |   1 |   28.0 |
               +--------+--------+--------+--------+--------+-----+--------+

Top non-repeatable levels by time:
     D:6: 1008 daAuts
     D:5: 936 daAuts
     D:4: 700 daAuts
     D:3: 670 daAuts
     D:1: 589 daAuts
     D:2: 520 daAuts
     D:7: 444 daAuts
     D:8: 110 daAuts
  Temple: 28 daAuts
     D:9: 16 daAuts
